 Dungeon Crawl Stone Soup version 0.27-a0-767-g00efbec225 (webtiles) character file.

Game seed: 3762475013129981974

49 Aapotti the Chopper (level 3, -1/30 HPs)
             Began as a Hill Orc Warper on Mar 25, 2021.
             Killed from afar by Ijyb (14 damage)
             ... with a puff of flame
             ... on level 3 of the Dungeon.
             The game lasted 00:05:56 (2040 turns).

Aapotti the Chopper (Hill Orc Warper)               Turns: 2040, Time: 00:05:57

Health: -1/30      AC:  4    Str: 14    XL:     3   Next: 75%
Magic:  5/5        EV: 11    Int: 13    God:
Gold:   68         SH:  5    Dex: 10    Spells: 3/5 levels left

rFire    . . .     SeeInvis .   a - +0 hand axe
rCold    + . .     Faith    .   (no shield)
rNeg     . . .     Spirit   .   k - +1 leather armour {rC+}
rPois    .         Reflect  +   (no helmet)
rElec    .         Harm     .   (no cloak)
rCorr    .         Rampage  .   (no gloves)
Will     .....                  (no boots)
Stlth    +.........             m - amulet of reflection
HPRegen  0.10/turn              i - ring of flight
MPRegen  0.09/turn              (no ring)

@: no status effects
A: no striking features
a: Evoke Flight


You were on level 3 of the Dungeon.
You visited 1 branch of the dungeon, and saw 3 of its levels.

You collected 68 gold pieces.

Inventory:

Hand Weapons
 a - a +0 hand axe (weapon)
Missiles
 e - 3 boomerangs of dispersal (quivered)
 n - 8 javelins
Armour
 h - a +0 chain mail
 k - a +1 leather armour of cold resistance (worn)
Jewellery
 i - a ring of flight (right hand)
 m - an amulet of reflection (around neck)
Scrolls
 b - a scroll of summoning {unknown}
 c - a scroll of amnesia {unknown}
 d - a scroll of silence {unknown}
 g - a scroll of identify {unknown}
 o - a scroll of magic mapping {unknown}
Potions
 f - a potion of haste {unknown}
 j - a potion of heal wounds {unknown}
 l - a potion of brilliance {unknown}


   Skills:
 + Level 2.9 Fighting
 + Level 3.1 Axes
 + Level 1.3 Throwing
 + Level 1.8 Armour
 + Level 1.9 Dodging
 + Level 1.8 Spellcasting
 + Level 2.6 Translocations


You had 3 spell levels left.
You knew the following spells:

 Your Spells              Type           Power      Damage    Failure   Level
a - Blink                 Tloc           N/A        N/A       17%         2

Your spell library contained the following spells:

 Spells                   Type           Power      Damage    Failure   Level
 Gell's Gravitas          Tloc           3%         N/A       32%         3
 Lesser Beckoning         Tloc           3%         N/A       32%         3
 Teleport Other           Tloc           7%         N/A       32%         3
 Manifold Assault         Tloc           7%         N/A       73%         4


Dungeon Overview and Level Annotations

Branches:
Dungeon (3/15)

Altars:

Shops:
D:2 =

Annotations:
D:3 Ijyb


Message History

Ijyb is moderately wounded.
Ijyb hits you with a +0 club.
You hit Ijyb but do no damage.
Ijyb is moderately wounded.
Ijyb completely misses you. Ijyb hits you with a +0 club.
You closely miss Ijyb.
Ijyb is moderately wounded.
Ijyb barely misses you.
You hit Ijyb but do no damage.
Ijyb is moderately wounded.
Ijyb looks more healthy.
Ijyb zaps a wand.
The puff of flame reflects off an invisible shield around you!
The puff of flame hits Ijyb.
You barely miss Ijyb.
Ijyb is heavily wounded.
Ijyb hits you but does no damage.
c - a scroll labelled DUXAAF TUA Ijyb completely misses you.
You hit Ijyb but do no damage.
Ijyb is heavily wounded.
Ijyb hits you but does no damage.
You hit Ijyb but do no damage.
Ijyb is heavily wounded.
Ijyb hits you with a +0 club.
You hit Ijyb but do no damage.
Ijyb is heavily wounded.
You block Ijyb's attack.
You closely miss Ijyb.
Ijyb is heavily wounded.
Ijyb completely misses you. Ijyb hits you but does no damage.
You hit Ijyb but do no damage.
Ijyb is heavily wounded.
Ijyb barely misses you.
You hit Ijyb.
Ijyb is severely wounded.
Ijyb hits you with a +0 club.
You barely miss Ijyb.
Ijyb is severely wounded.
Ijyb zaps a wand.
The puff of flame hits you!
You die...

#.##....#
#.###...#
#.......#
###.##..####
#.. #.....# #.
###.†.#######
.. #.........#
.#
######........#
..
(.....g@......#
######>...(..<#
###.###### .#
##


You could see Ijyb.

Vanquished Creatures
  An adder (D:2)
  An orc (D:3)
  7 bats
  3 endoplasms
  A giant cockroach (D:2)
  5 goblins
  4 hobgoblins
  6 kobolds
  A quokka (D:2)
  A ball python (D:3)
  2 frilled lizards
  5 rats
37 creatures vanquished.

Notes
Turn   | Place    | Note
-------+----------+-------------------------------------------
     0 | D:1      | Aapotti the Hill Orc Warper began the quest for the Orb.
     0 | D:1      | Reached XP level 1. HP: 18/18 MP: 3/3
    26 | D:1      | Reached skill level 1 in Throwing
   204 | D:1      | Reached XP level 2. HP: 25/25 MP: 4/4
  1010 | D:2      | Found Ruhoup's Jewellery Emporium.
  1031 | D:2      | Reached skill level 3 in Axes
  1156 | D:2      | Reached XP level 3. HP: 30/30 MP: 5/5
  1682 | D:2      | Learned a level 2 spell: Blink
  2020 | D:3      | Noticed Ijyb
  2040 | D:3      | Killed from afar by Ijyb

Illustrated notes

Levels and vault maps discovered:
D:1:      lordsloth_arrival_two_stooges, layout_basic
D:2:      layout_loops_cross, serial_shops, shop, grunt_ministairs_3
D:3:      layout_rooms, minmay_vboxes, uniq_ijyb

Skill      XL: |  1  2 |
---------------+-------+-----
Throwing       | 1 |  1.3
Axes           | 3 |  3.1
Fighting       | |  2.9
Armour         | |  1.8
Dodging        | |  1.9
Spellcasting   | |  1.8
Translocations | |  2.6

Action                   || total
-------------------------++-------
Melee: Hand axe          ||   113
Throw: Dart              ||    32
       Boomerang         ||     2
  Use: Scroll            ||     1
Armor: Leather armour    ||    23
       Chain mail        ||    24
Dodge: Dodged            ||    70
Block: Other             ||     3
       Reflection        ||     1

Table legend: (Time is in decaauts)
 A = Elapsed time spent in this place.
 B = Non-inter-level travel time spent in this place.
 C = Inter-level travel time spent in this place.
 D = Time resting spent in this place.
 E = Time spent auto-exploring this place.
 F = Levels seen in this place.
 G = Mean time per level.
                   A        B        C        D        E       F      G
               +--------+--------+--------+--------+--------+-----+--------+
         Total |   2054 |   1995 |     59 |    497 |   1041 |   3 |  684.7 |
       Dungeon |   2054 |   1995 |     59 |    497 |   1041 |   3 |  684.7 |
               +--------+--------+--------+--------+--------+-----+--------+

Top non-repeatable levels by time:
     D:2: 1113 daAuts
     D:1: 769 daAuts
     D:3: 170 daAuts
